AoeStats
← claudio_miranda_94

Arena

510652811Analyzed
1v1 RM · 8h ago on Oct 2, 2026· 44m 27s· 2 players
Game mode
Random Map
Map size
Tiny (2 player)
Population
200
Speed
Normal
Resources
Standard
Victory
Conquest
Starting age
Dark Age
Ending age
Imperial Age
RankedLock teamsTeams togetherTeam positionsShared explorationLock speedFull tech treeHidden civsTurbo modeCheats
Victory
Defeat
🇲🇽 Poles · Mexico
828
+16
🇨🇱 Turks · Chile
825
-16
claudio_miranda_94
8:18 Loom
10:20 Feudal Age
11:08 Horse Collar
11:16 Double-Bit Axe
18:52 Castle Age
18:44 Forging
20:16 Heavy Plow
23:27 Bow Saw
24:10 Gold Mining
24:12 Stone Mining
24:26 Padded Archer Armor
24:17 Fletching
27:57 Gold Shaft Mining
33:06 Imperial Age
31:53 Bodkin Arrow
32:14 Leather Archer Armor
33:49 Heavy Camel Rider
34:29 Husbandry
34:40 Bloodlines
41:54 Scale Barding Armor
42:24 Iron Casting
44:13 Conscription
Diego Fields
11:05 Feudal Age
13:19 Horse Collar
14:01 Stone Mining
16:53 Castle Age
15:09 Double-Bit Axe
21:47 Heavy Plow
26:22 Szlachta Privileges
28:10 Wheelbarrow
27:20 Town Watch
28:17 Bloodlines
28:08 Husbandry
28:05 Gold Mining
29:54 Hand Cart
29:25 Loom
29:42 Scale Mail Armor
29:47 Scale Barding Armor
29:56 Fletching
30:12 Husbandry
31:04 Bow Saw
34:31 Stone Shaft Mining
34:17 Chain Mail Armor
34:22 Chain Barding Armor
34:56 Town Patrol
38:57 Imperial Age
40:10 Plate Mail Armor
39:38 Bodkin Arrow
39:43 Padded Archer Armor
40:19 Crop Rotation
40:05 Forging
42:04 Chemistry
40:45 Treadmill Crane
41:26 Ballistics
41:11 Siege Engineers
41:17 Masonry
41:03 Murder Holes
41:18 Fortified Wall
40:45 Cavalier
Connection lost

Rejoining the realm…

Still unreachable

The connection could not be restored.

Session expired

The server has moved on; the page needs a fresh start.